 Dungeon Crawl Stone Soup version 0.16-a0-3326-gb44eaf1 (webtiles) character file.

18050 Gorice the Severer (level 12, -3/95 HPs)
             Began as a Hill Orc Wanderer on Dec 27, 2014.
             Was a High Priest of Okawaru.
             Slain by a blink frog (7 damage)
             ... on level 3 of the Lair of Beasts.
             The game lasted 01:31:03 (14107 turns).

Gorice the Severer (Hill Orc Wanderer)             Turns: 14107, Time: 01:31:03

Health: -3/95      AC: 21    Str: 18    XL:     12   Next: 54%
Magic:  22/22      EV:  6    Int: 15    God:    Okawaru [*****.]
Gold:   588        SH:  0    Dex:  8    Spells: 0 memorised, 13 levels left

rFire  . . .     SeeInvis +     a - +0 battleaxe (chaos)
rCold  . . .     Clarity  .     V - +0 plate armour
rNeg   . . .     SustAb   .     (no shield)
rPois  .         Gourm    .     (no helmet)
rElec  .         Spirit   .     C - +1 cloak
rCorr  .         Warding  .     (no gloves)
rMut   .         Stasis   .     (no boots)
MR     .....                    S - amulet of rage
Stlth  ..........               K - +3 ring of slaying
                                u - ring of see invisible

@: not resistant to hostile enchantments, extremely unstealthy
A: rough black scales 1, wild magic 1, evolution 1
a: Heroism, Finesse, Renounce Religion, Evoke Berserk Rage


You were on level 3 of the Lair of Beasts.
You worshipped Okawaru.
Okawaru was extremely pleased with you.
You were very hungry.

You visited 3 branches of the dungeon, and saw 13 of its levels.
You also visited: Ossuary.

You collected 588 gold pieces.

Inventory:

Hand weapons
 a - a +0 battleaxe of chaos (weapon)
 b - a +2 hand crossbow of evasion
 s - a +2 scimitar of flaming
 B - a +2 blowgun
Missiles
 i - a curare-tipped needle
 l - 25 poisoned needles
 J - 12 bolts
 Z - 300 stones (quivered)
Armour
 C - a +1 cloak (worn)
 V - a +0 plate armour (worn)
Jewellery
 u - a ring of see invisible (left hand)
 E - an uncursed ring of invisibility
 H - an uncursed ring of protection from cold
 K - a +3 ring of slaying (right hand)
 O - an uncursed ring of protection from fire
 R - an uncursed ring of ice
 S - an amulet of rage (around neck)
Magical devices
 v - a wand of frost (6)
 G - a wand of digging (12)
 I - a wand of slowing (28)
 Q - a wand of fire (7)
Scrolls
 c - 2 scrolls of teleportation
 d - a scroll of enchant weapon
 h - 3 scrolls of remove curse
 k - a scroll of fog
 P - a scroll of blinking
Potions
 e - a potion of lignification {unknown}
 g - a potion of agility {unknown}
 j - 8 potions of curing
 m - 5 potions of heal wounds
 n - 3 potions of haste
 o - a potion of degeneration {unknown}
 r - a potion of resistance {unknown}
 x - a potion of poison {unknown}
 D - 2 potions of cancellation
 T - a potion of ambrosia {unknown}
 X - 2 potions of might
Miscellaneous
 t - a lamp of fire
Comestibles
 f - 8 meat rations
 p - 3 chunks of flesh
 z - 4 fruits
 A - a beef jerky


   Skills:
 - Level 5.9 Fighting
 * Level 18.8(18.9) Axes
   Level 2.1(11.1) Polearms
 - Level 1.0 Throwing
 + Level 11.8 Armour
   Level 1.1 Shields
 - Level 1.0 Spellcasting
   Level 2.0 Necromancy
 + Level 6.3 Invocations


You had 13 spell levels left.
You didn't know any spells.

Dungeon Overview and Level Annotations

Branches:
Dungeon (8/15)             Temple (1/1) D:5            Lair (4/8) D:8
  Swamp: Lair:3-6    Shoals: Lair:3-6     Snake: Lair:3-6    Spider: Lair:3-6

Altars:
Ashenzari
Cheibriados
Dithmenos
Elyvilon
Fedhas
Gozag
Kikubaaqudgha
Makhleb
Nemelex Xobeh
Okawaru
Qazlal
Ru
Sif Muna
Trog
Vehumet
Xom
Yredelemnul
Zin
The Shining One

Annotations:
D:7 UX: killer bees!
Lair:3 ?brand on perma-tele


Innate Abilities, Weirdness & Mutations

You are partially covered in rough black scales (AC +4, Dex -1).
Your spells are a little harder to cast, but a little more powerful.
You evolve.


Message History

You're wearing all the rings you can.
Remove which one? (? for menu, Esc to cancel) < or
O - a ring of protection from fire; > or
K - a +3 ring of slaying You remove your ring of protection from fire.
Something hits you but does no damage.
Reactivating autopickup.
u - a ring of see invisible (left hand)
The blink frog barely misses you.
You completely miss the blink frog.
The blink frog is severely wounded.
The blink frog hits you.
* * * LOW HITPOINT WARNING * * *
You miss the blink frog.
The blink frog is severely wounded.
The blink frog hits you!
* * * LOW HITPOINT WARNING * * *
You completely miss the blink frog.
The blink frog is severely wounded.
The blink frog hits you!
You die...

............#### #..P##.#..)...
...........♣♣ ##..#######....
.P.♣♣♣♣.....♣ #.F## #.... ##♣♣
♣♣...♣♣ #..# #.... ♣♣♣♣♣...♣♣♣♣
##F.# ###... ♣.........(♣ ♣..##
##....# ♣[.........♣
#..#######.....# ♣
♣^.######..♣♣♣#(...##.#.......
#♣♣♣..#⌠...#..♣♣@F.(..##....#....
..♣♣..'....#..♣♣♣.#........####..
..♣♣..'..<.#..♣ ♣##P#P#...## #..
##♣♣..'....#Y.♣ ######..# ##.
♣..#⌠...#Y.♣ ##.## #.
♣..######..♣ #...## ##
♣..........♣ ##...# ##
♣..........♣ ♣## ##..####. ♣
♣♣♣♣♣♣♣♣♣♣♣♣♣♣.# #...#.##


You could see a blink frog (invisible).

Vanquished Creatures
  2 hydras (Lair:3)
  Erica (Lair:2)
  Nergalle (Lair:3)
  4 black mambas
  11 spiny frogs
  6 komodo dragons
  A troll (D:6)
  The ghost of Fusha the Ogre Mage, an average OgIE (D:4)
  3 blink frogs (Lair:3)
  Grinder (D:5)
  A spriggan (Lair:1)
  11 yaks
  A deep elf fighter (D:8)
  3 hippogriffs
  3 porcupines
  9 wolves
  4 water moccasins
  An ice beast (D:5)
  A sky beast (D:8)
  A phantom (D:6)
  An orc warrior (D:8)
  A black bear (D:8)
  5 ogres
  4 crocodiles
  3 centaurs
  5 giant frogs
  3 water moccasin zombies (Ossuary)
  A scorpion (D:4)
  6 killer bees (D:8)
  The ghost of Fusha the Sneak, a weakling DEWn (D:3)
  2 giant frog skeletons
  2 jellies
  8 hounds
  Crazy Yiuf (D:2)
  2 orc priests
  A centaur skeleton (D:6)
  7 orc wizards
  6 iguanas
  2 worker ants (D:5)
  7 sheep (Lair:3)
  A big kobold zombie (Ossuary)
  2 mummies (Ossuary)
  A worker ant zombie (D:6)
  3 gnolls (D:5)
  29 river rats
  13 adders
  2 giant mites
  A shadow imp (D:6)
  A worm (D:3)
  5 adder zombies (Ossuary)
  5 giant geckos
  16 orcs
  A bat skeleton (D:8)
  A bat zombie (D:5)
  5 giant cockroaches
  16 goblins
  12 hobgoblins
  15 jackals
  3 quokkas
  A ball python (D:2)
  22 bats
  2 giant newts
  3 gnoll zombies (Ossuary)
  2 hobgoblin zombies
  18 kobolds
  5 kobold zombies (Ossuary)
  8 orc zombies (Ossuary)
  20 rats
  4 spectral orcs (Lair:3)
  4 ballistomycetes (D:5)
  4 fungi
  8 plants
367 creatures vanquished.

Vanquished Creatures (collateral kills)
  A giant frog (Lair:3)
1 creature vanquished.

Vanquished Creatures (others)
  A giant spore (D:5)
1 creature vanquished.

Grand Total: 369 creatures vanquished

Notes
Turn   | Place    | Note
--------------------------------------------------------------
     0 | D:1      | Gorice, the Hill Orc Wanderer, began the quest for the Orb.
     0 | D:1      | Gorice set off with: a curare-tipped needle, a +2 blowgun, a +0 quarterstaff, a +0 buckler, a +0 robe, a meat ration
     0 | D:1      | Reached XP level 1. HP: 19/19 MP: 2/2
   312 | D:1      | Reached skill level 4 in Fighting
   640 | D:1      | Reached XP level 2. HP: 18/27 MP: 3/3
  1405 | D:2      | Reached XP level 3. HP: 34/34 MP: 4/4
  1585 | D:2      | Reached skill level 5 in Fighting
  1585 | D:2      | Reached skill level 1 in Armour
  1637 | D:2      | Noticed Crazy Yiuf
  1645 | D:2      | Killed Crazy Yiuf
  1645 | D:2      | Reached XP level 4. HP: 24/42 MP: 5/5
  2070 | D:3      | Found a radiant altar of Vehumet.
  2245 | D:3      | Reached skill level 1 in Axes
  2279 | D:3      | Noticed Fusha's ghost (weakling DEWn)
  2288 | D:3      | Killed Fusha's ghost
  2288 | D:3      | Reached XP level 5. HP: 37/50 MP: 7/7
  3075 | D:4      | Reached XP level 6. HP: 57/57 MP: 8/8
  3146 | D:4      | Found a stormy altar of Qazlal.
  3148 | D:4      | Found an opulent altar of Gozag.
  3150 | D:4      | Found a glowing golden altar of the Shining One.
  3242 | D:4      | Noticed an ogre
  3255 | D:4      | Killed an ogre
  3255 | D:4      | Reached skill level 5 in Axes
  3306 | D:4      | Reached XP level 7. HP: 34/62 MP: 9/9
  3512 | D:4      | Noticed an ogre
  3529 | D:4      | Killed an ogre
  3529 | D:4      | Reached skill level 6 in Axes
  3796 | D:4      | Noticed Fusha's ghost (average OgIE)
  3826 | D:4      | Killed Fusha's ghost
  3826 | D:4      | Reached skill level 7 in Axes
  3826 | D:4      | Reached skill level 5 in Armour
  4140 | D:4      | Found a deep blue altar of Sif Muna.
  4140 | D:4      | Found an iron altar of Okawaru.
  4146 | D:4      | Became a worshipper of Warmaster Okawaru
  4160 | D:4      | Found a burning altar of Makhleb.
  4715 | D:5      | Entered Level 5 of the Dungeon
  4733 | D:5      | Reached XP level 8. HP: 67/70 MP: 10/10
  4884 | D:5      | Reached skill level 8 in Axes
  5231 | D:5      | Reached skill level 9 in Axes
  5258 | D:5      | Found a staircase to the Ecumenical Temple.
  5335 | Temple   | Entered the Ecumenical Temple
  5476 | D:5      | Noticed Grinder
  5636 | D:5      | Paralysed by Grinder for 7 turns
  5646 | D:5      | Killed Grinder
  5646 | D:5      | Acquired Okawaru's first power
  5846 | D:6      | Reached skill level 10 in Axes
  6186 | D:1      | Gained mutation: You evolve. [potion of beneficial mutation]
  6187 | D:1      | Gained mutation: Your spells are a little harder to cast, but a little more powerful. [potion of beneficial mutation]
  6350 | D:6      | Reached XP level 9. HP: 55/75 MP: 11/11
  6663 | D:6      | Reached skill level 11 in Axes
  7267 | D:8      | Found a shattered altar of Ashenzari.
  7331 | D:8      | Found a sand-covered staircase.
  7358 | Ossuary  | Entered an ossuary
  7569 | Ossuary  | Reached skill level 12 in Axes
  7955 | Ossuary  | Gained mutation: You are partially covered in rough black scales (AC +4, Dex -1). [evolution]
  8399 | D:8      | Reached skill level 13 in Axes
  8583 | D:8      | Reached XP level 10. HP: 83/83 MP: 13/13
  9072 | D:8      | Found a staircase to the Lair.
  9516 | Lair:1   | Entered Level 1 of the Lair of Beasts
  9528 | Lair:1   | Reached skill level 14 in Axes
  9688 | Lair:1   | Noticed a black mamba
  9898 | Lair:1   | Killed a black mamba
 10263 | Lair:1   | Reached skill level 15 in Axes
 10498 | Lair:1   | Found an opulent altar of Gozag.
 10685 | Lair:1   | Reached skill level 10 in Armour
 10685 | Lair:1   | Reached XP level 11. HP: 51/89 MP: 14/14
 10813 | Lair:1   | Reached skill level 16 in Axes
 11476 | Lair:2   | Noticed Erica
 11485 | Lair:2   | Killed Erica
 11485 | Lair:2   | Reached skill level 17 in Axes
 11547 | Lair:2   | Acquired Okawaru's second power
 11730 | Lair:2   | Reached skill level 1 in Invocations
 12403 | Lair:3   | Reached XP level 12. HP: 60/95 MP: 17/18
 12476 | Lair:3   | Received a gift from Okawaru
 12479 | Lair:3   | Reached skill level 18 in Axes
 12812 | Lair:3   | Noticed a five-headed hydra
 12822 | Lair:3   | Killed a one-headed hydra
 12921 | Lair:3   | Reached skill level 5 in Invocations
 12959 | Lair:3   | Noticed Nergalle
 12976 | Lair:3   | Killed Nergalle
 13142 | Lair:3   | Received a gift from Okawaru
 13647 | Lair:4   | Noticed an eight-headed hydra
 13701 | Lair:3   | Killed a five-headed hydra
 14106 | Lair:3   | HP: 4/95 [blink frog (8)]
 14107 | Lair:3   | Slain by a blink frog

Action                   |  1- 3 |  4- 6 |  7- 9 | 10-12 || total
-------------------------+-------+-------+-------+-------++-------
Melee: Quarterstaff      |    85 |    66 |       |       ||   151
       Hand axe          |       |   113 |   634 |       ||   747
       Battleaxe         |       |       |    84 |   532 ||   616
       Scimitar          |       |       |       |     9 ||     9
 Fire: Hunting sling     |       |    42 |    71 |       ||   113
       Blowgun           |       |     2 |       |       ||     2
       Hand crossbow     |       |       |    69 |    81 ||   150
Throw: Stone             |     2 |     2 |       |       ||     4
       Tomahawk          |       |       |     6 |     3 ||     9
Invok: Heroism           |       |       |     2 |    11 ||    13
Evoke: Wand              |       |       |    11 |     4 ||    15
  Use: Scroll            |       |     9 |    11 |     7 ||    27
       Potion            |       |       |     3 |       ||     3
 Stab: Confused          |       |       |       |     2 ||     2
       Paralysed         |       |       |       |     1 ||     1
  Eat: Chunk             |     2 |     6 |    14 |    14 ||    36
       Bread ration      |       |       |     1 |       ||     1
       Beef jerky        |       |       |       |     2 ||     2
